 Dungeon Crawl Stone Soup version 0.25-a0-975-gcae8493d64 (webtiles) character file.

Game seed: 17816050945434369859, levelgen mode: deterministic

8 Esekla the Conjurer (level 2, -5/22 HPs)
             Began as a Naga Conjurer on May 9, 2020.
             Killed from afar by a dart slug (8 damage)
             ... with a slug dart
             ... on level 1 of the Dungeon.
             The game lasted 00:03:57 (300 turns).

Esekla the Conjurer (Naga Conjurer)                  Turns: 300, Time: 00:03:58

Health: -5/22      AC:  1    Str: 10    XL:     2   Next: 8%
Magic:  5/5        EV: 10    Int: 15    God:
Gold:   19         SH:  0    Dex: 11    Spells: 4/5 levels left

rFire    . . .     SeeInvis +   d - +0 dagger
rCold    . . .     Gourm    .   (no shield)
rNeg     . . .     Faith    .   a - +0 robe
rPois    +         Spirit   .   (no helmet)
rElec    .         Reflect  .   (no cloak)
rCorr    .         Harm     .   (no gloves)
MR       .....                  (no barding)
Stlth    ++........             (no amulet)
HPRegen  0.07/turn              (no ring)
MPRegen  0.09/turn              (no ring)

@: very slow
A: large, see invisible, deformed body, poison resistance, slowness 2, slow
metabolism 1, spit poison 1, AC +0
a: Spit Poison


You were on level 1 of the Dungeon.
You were not hungry.

You visited 1 branch of the dungeon, and saw 1 of its levels.

You collected 19 gold pieces.

Inventory:

Hand Weapons
 d - a +0 dagger (weapon)
Armour
 a - a +0 robe (worn)
Scrolls
 b - a scroll of identify {unknown}
Comestibles
 c - a ration


   Skills:
 * Level 0.2 Fighting
 + Level 1.5 Dodging
 + Level 3.0 Stealth
 * Level 2.1 Spellcasting
 * Level 4.3 Conjurations


You had 4 spell levels left.
You knew the following spells:

 Your Spells              Type           Power        Failure   Level  Hunger
a - Magic Dart            Conj           ##..         3%          1    #......

Your spell library contained the following spells:

 Spells                   Type           Power        Failure   Level  Hunger
 Searing Ray              Conj           ##....       5%          2    ###....
 Dazzling Flash           Conj/Hex       #.....       26%         3    ###....
 Fulminant Prism          Conj/Hex       #.........   65%         4    #####..
 Iskenderun's Mystic Bla  Conj/Tloc      #.......     65%         4    #####..


Dungeon Overview and Level Annotations

Branches:
Dungeon (1/15)

Altars:


Innate Abilities, Weirdness & Mutations

You cannot wear boots.
Your serpentine skin is tough. (AC +0)
You have supernaturally acute eyesight. (SInv)
Armour fits poorly on your strangely shaped body.
Your system is resistant to poisons. (rPois)
You cover ground very slowly.
You have a slow metabolism.
You can spit poison.


Message History

A goblin comes into view.
The goblin hits you.
* * * LOW HITPOINT WARNING * * *
You see here a rat corpse.
You see here a +0 dagger.
d - a +0 dagger The goblin closely misses you.
Press: ? - help, Shift-Dir - straight line, f - goblin
Aim: a goblin The splash of poison hits the goblin.
The goblin is poisoned.
The goblin is severely wounded.
You feel slightly more hungry.
You kill the goblin!
d - a +0 dagger (weapon)
You have got your breath back.
You see here 11 gold pieces.
You now have 19 gold pieces (gained 11).
The dart slug launches a dart at you. The slug dart hits you!
You die...

.............†....(.....
.........w.###...####.##
.#######.#####...# #.##
#.........# #(..
###..#####..# ###.
#......# #..######.
#......# #.........
#......# #.#######.
#.@....# #.........
###.##.# #.#.......
#...... #.######
#####..# #.# ..# #.# ..#
#.# #.# . #.# .. #.# ##


You could see a dart slug.

Vanquished Creatures
  A leopard gecko (D:1)
  A hobgoblin (D:1)
  A goblin (D:1)
  A kobold (D:1)
  5 rats (D:1)
9 creatures vanquished.

Notes
Turn   | Place    | Note
-------+----------+-------------------------------------------
     0 | D:1      | Esekla the Naga Conjurer began the quest for the Orb.
     0 | D:1      | Reached XP level 1. HP: 15/15 MP: 3/3
   260 | D:1      | Reached XP level 2. HP: 6/22 MP: 1/5
   263 | D:1      | HP: 1/22 [dart slug/slug dart (3)]
   285 | D:1      | HP: 1/22 [goblin (2)]
   300 | D:1      | Killed from afar by a dart slug

Illustrated notes

Levels and vault maps discovered:
D:1:      lemuel_arrival_broad_hall, layout_basic

Action                   || total
-------------------------++-------
Melee: Unarmed           ||     6
 Cast: Magic Dart        ||     8
 Abil: Spit Poison       ||     4
Armor: Robe              ||     3
Dodge: Dodged            ||     5

Table legend:
 A = Non-vault XP
 B = Vault XP
 C = Vault XP percentage of total XP
 D = Non-vault monster count
 E = Vault monster count
 F = Vault count percentage of total count
                 A         B        C        D         E       F
            +---------+---------+-------+---------+---------+-------
      Total |      12 |       0 |   0.0 |       9 |       0 |   0.0
            +---------+---------+-------+---------+---------+-------
        D:1 |      12 |       0 |   0.0 |       9 |       0 |   0.0
            +---------+---------+-------+---------+---------+-------
